TOP OF THE 1ST |
Cleveland Browns batting - Pitching for Buffalo White Walkers : RHP Ralph DePalma
|
Pitching: RHP Ralph DePalma
|
|
Batting: RHB Roberto Vázquez
|
0-0: SINGLE (Groundball, 34D, EV 106.2 MPH)
|
Batting: LHB Lauren Hilfiker
|
0-0: Ball 1-0: Called Strike 1-1: Hit by Pitch Roberto Vázquez to second
|
Batting: RHB Meester Gobbles-Rooster
|
0-0: Fly out, F6 (Popup, 6MD, EV 56.2 MPH)
|
Batting: LHB Ruud van Ineveld
|
0-0: Called Strike 0-1: Fly out, F5 (Popup, 56S, EV 81.9 MPH)
|
Batting: RHB Tom Camden
|
0-0: Ball 1-0: Fly out, F8 (Flyball, 89S, EV 91.2 MPH)
|
Top of the 1st over - 0 runs, 1 hit, 0 errors, 2 left on base; Cleveland 0 - Buffalo 0 |
BOTTOM OF THE 1ST |
Buffalo White Walkers batting - Pitching for Cleveland Browns : RHP Juan Vias
|
Pitching: RHP Juan Vias
|
|
Batting: LHB Dread Roberts
|
0-0: Called Strike 0-1: Fly out, F7 (Flyball, 7LM, EV 95.6 MPH)
|
Batting: RHB Tom Smythe
|
0-0: Ball 1-0: Called Strike 1-1: Fly out, F8 (Flyball, 8RD, EV 97.5 MPH)
|
Batting: LHB Ryder Ringor
|
0-0: Called Strike 0-1: DOUBLE (Line Drive, 89XD, EV 98.1 MPH)
|
Batting: SHB Je-myung Yu
|
0-0: Called Strike 0-1: Foul Ball, location: 2F 0-2: Ball 1-2: Foul Ball, location: 2F 1-2: Foul Ball, location: 2F 1-2: Fly out, F8 (Flyball, 8LD, EV 103.8 MPH)
|
Bottom of the 1st over - 0 runs, 1 hit, 0 errors, 1 left on base; Cleveland 0 - Buffalo 0 |
TOP OF THE 2ND |
Cleveland Browns batting - Pitching for Buffalo White Walkers : RHP Ralph DePalma
|
Batting: LHB Tadayoshi Watanabe
|
0-0: Ball 1-0: Ball 2-0: Ball 3-0: Base on Balls
|
Batting: SHB Jhett Larson
|
0-0: Called Strike 0-1: Foul Ball, location: 2F 0-2: Ball 1-2: Ball 2-2: Foul Ball, location: 2F 2-2: SINGLE (Groundball, 6MS, EV 68.8 MPH) (infield hit) Tadayoshi Watanabe to second
|
Batting: LHB Bob Giles
|
0-0: Called Strike 0-1: Called Strike 0-2: Ball 1-2: Foul Ball, location: 2F 1-2: Foul Ball, location: 2F 1-2: Strikes out swinging
|
Batting: RHB Paco González
|
0-0: Called Strike 0-1: Ball 1-1: SINGLE (Groundball, 56, EV 97.5 MPH) Tadayoshi Watanabe to third Jhett Larson to second Runner from 3rd tries for Home, SAFE, no throw by LF
|
Batting: RHB Roberto Vázquez
|
0-0: Foul Ball, location: 2F 0-1: Foul Ball, location: 2F 0-2: Strikes out swinging
|
Batting: LHB Lauren Hilfiker
|
0-0: Ball 1-0: DOUBLE (Line Drive, 78D, EV 108.1 MPH) Jhett Larson scores Paco González to third
|
Batting: RHB Meester Gobbles-Rooster
|
0-0: Foul Ball, location: 2F 0-1: Swinging Strike 0-2: Foul Ball, location: 2F 0-2: Ball 1-2: Strikes out swinging
|
Top of the 2nd over - 2 runs, 3 hits, 0 errors, 2 left on base; Cleveland 2 - Buffalo 0 |
BOTTOM OF THE 2ND |
Buffalo White Walkers batting - Pitching for Cleveland Browns : RHP Juan Vias
|
Batting: RHB Eddie Sachs
|
0-0: SINGLE (Line Drive, 7S, EV 91.9 MPH)
|
Batting: SHB Max Bortenschlager
|
0-0: Called Strike 0-1: Swinging Strike 0-2: Strikes out swinging
|
Batting: SHB Tom Dickinson
|
0-0: Ball 1-0: Fielders Choice at 2nd, 4-6 (Groundball, 34, EV 101.2 MPH)
|
Batting: LHB Alexis Raimbault
|
Pickoff Throw to First - Out! 1-3
|
Bottom of the 2nd over - 0 runs, 1 hit, 0 errors, 0 left on base; Cleveland 2 - Buffalo 0 |
TOP OF THE 3RD |
Cleveland Browns batting - Pitching for Buffalo White Walkers : RHP Ralph DePalma
|
Batting: LHB Ruud van Ineveld
|
0-0: Ball 1-0: Ball 2-0: Called Strike 2-1: DOUBLE (Flyball, 78XD, EV 103.8 MPH)
|
Batting: RHB Tom Camden
|
0-0: Foul Ball, location: 2F 0-1: Swinging Strike 0-2: Foul Ball, location: 2F 0-2: Strikes out looking
|
Batting: LHB Tadayoshi Watanabe
|
0-0: Called Strike Ruud van Ineveld is caught stealing 3rd base 2-5 0-1: Ball 1-1: Foul Ball, location: 2F 1-2: Ball 2-2: Ball 3-2: Base on Balls
|
Batting: SHB Jhett Larson
|
0-0: Ball 1-0: Ball 2-0: Ball 3-0: Called Strike 3-1: Foul Ball, location: 2F 3-2: TRIPLE (Flyball, 78XD, EV 105.6 MPH) Tadayoshi Watanabe scores
|
Batting: LHB Bob Giles
|
0-0: Called Strike 0-1: Ball 1-1: Ball 2-1: Called Strike 2-2: Fly out, F9 (Flyball, 9LM, EV 104.4 MPH)
|
Top of the 3rd over - 1 run, 2 hits, 0 errors, 1 left on base; Cleveland 3 - Buffalo 0 |
BOTTOM OF THE 3RD |
Buffalo White Walkers batting - Pitching for Cleveland Browns : RHP Juan Vias
|
Batting: LHB Alexis Raimbault
|
0-0: Foul Ball, location: 2F 0-1: Foul Ball, location: 2F 0-2: Ball 1-2: Ball 2-2: Foul Ball, location: 2F 2-2: Ball 3-2: Fly out, F7 (Flyball, 7LSF, EV 90.6 MPH)
|
Batting: RHB Armando Altagracia
|
0-0: Foul Ball, location: 2F 0-1: Swinging Strike 0-2: Ground out 1-3 (Groundball, 15, EV 88.1 MPH)
|
Batting: LHB Dread Roberts
|
0-0: Ball 1-0: Foul Ball, location: 2F 1-1: Called Strike 1-2: SINGLE (Groundball, 6MD, EV 95.0 MPH)
|
Batting: RHB Tom Smythe
|
0-0: Swinging Strike 0-1: Swinging Strike 0-2: Ball 1-2: Strikes out swinging
|
Bottom of the 3rd over - 0 runs, 1 hit, 0 errors, 1 left on base; Cleveland 3 - Buffalo 0 |
TOP OF THE 4TH |
Cleveland Browns batting - Pitching for Buffalo White Walkers : RHP Ralph DePalma
|
Batting: RHB Paco González
|
0-0: Ball 1-0: Foul Ball, location: 2F 1-1: Swinging Strike 1-2: Ball 2-2: Fly out, F7 (Flyball, 7S, EV 78.1 MPH)
|
Batting: RHB Roberto Vázquez
|
0-0: SINGLE (Line Drive, 89S, EV 100.0 MPH)
|
Batting: LHB Lauren Hilfiker
|
Pickoff Throw to First - Out! 1-3 0-0: Called Strike 0-1: Foul Ball, location: 2F 0-2: Foul Ball, location: 2F 0-2: Foul Ball, location: 2F 0-2: Foul Ball, location: 2F 0-2: DOUBLE (Groundball, 5L, EV 102.5 MPH)
|
Batting: RHB Meester Gobbles-Rooster
|
0-0: Called Strike 0-1: Ground out 6-3 (Groundball, 6M, EV 90.0 MPH)
|
Top of the 4th over - 0 runs, 2 hits, 0 errors, 1 left on base; Cleveland 3 - Buffalo 0 |
BOTTOM OF THE 4TH |
Buffalo White Walkers batting - Pitching for Cleveland Browns : RHP Juan Vias
|
Batting: LHB Ryder Ringor
|
0-0: Ball 1-0: Ground out 2-3 (Groundball, 2R, EV 73.1 MPH)
|
Batting: SHB Je-myung Yu
|
0-0: Ball 1-0: Foul Ball, location: 2F 1-1: Foul Ball, location: 2F 1-2: Foul Ball, location: 2F 1-2: Ball 2-2: Fly out, F7 (Flyball, 7, EV 96.9 MPH)
|
Batting: RHB Eddie Sachs
|
0-0: Ball 1-0: SOLO HOME RUN (Flyball, 78XD, EV 97.5 MPH), Distance : 427 ft
|
Batting: SHB Max Bortenschlager
|
0-0: Foul Ball, location: 2F 0-1: Ball 1-1: Ground out 6-3 (Groundball, 56D, EV 115.6 MPH)
|
Bottom of the 4th over - 1 run, 1 hit, 0 errors, 0 left on base; Cleveland 3 - Buffalo 1 |
TOP OF THE 5TH |
Cleveland Browns batting - Pitching for Buffalo White Walkers : RHP Ralph DePalma
|
Batting: LHB Ruud van Ineveld
|
0-0: Swinging Strike 0-1: Ball 1-1: Called Strike 1-2: Ball 2-2: Foul Ball, location: 2F 2-2: Fly out, F7 (Flyball, 7S, EV 85.0 MPH)
|
Batting: RHB Tom Camden
|
0-0: Ball 1-0: Ground out 5-3 (Groundball, 56, EV 107.5 MPH)
|
Batting: LHB Tadayoshi Watanabe
|
0-0: SINGLE (Groundball, 4M, EV 98.8 MPH) (infield hit)
|
Batting: SHB Jhett Larson
|
0-0: Called Strike 0-1: Called Strike 0-2: Ball 1-2: Ball 2-2: Ground out 4-3 (Groundball, 4, EV 91.2 MPH)
|
Top of the 5th over - 0 runs, 1 hit, 0 errors, 1 left on base; Cleveland 3 - Buffalo 1 |
BOTTOM OF THE 5TH |
Buffalo White Walkers batting - Pitching for Cleveland Browns : RHP Juan Vias
|
Batting: SHB Tom Dickinson
|
0-0: Fly out, F6 (Line Drive, 6, EV 66.9 MPH)
|
Batting: LHB Alexis Raimbault
|
0-0: Ball 1-0: Called Strike 1-1: Swinging Strike 1-2: Foul Ball, location: 2F 1-2: Ball 2-2: Reached on error, E4 (Groundball, 4, EV 90.0 MPH)
|
Batting: RHB Armando Altagracia
|
Balk! Alexis Raimbault to second 0-0: Fly out, F8 (Flyball, 8RM, EV 90.6 MPH)
|
Batting: LHB Dread Roberts
|
0-0: Foul Ball, location: 2F 0-1: Fly out, F9 (Flyball, 89D, EV 88.8 MPH)
|
Bottom of the 5th over - 0 runs, 0 hits, 1 error, 1 left on base; Cleveland 3 - Buffalo 1 |
TOP OF THE 6TH |
Cleveland Browns batting - Pitching for Buffalo White Walkers : RHP Ralph DePalma
|
Batting: LHB Bob Giles
|
0-0: Called Strike 0-1: Swinging Strike 0-2: Fly out, F7 (Line Drive, 7, EV 91.9 MPH)
|
Pitching: RHP Blaine Stottlar
|
|
Batting: RHB Paco González
|
0-0: Ball 1-0: Ball 2-0: Ground out 6-3 (Groundball, 6, EV 99.4 MPH)
|
Batting: RHB Roberto Vázquez
|
0-0: Ball 1-0: Called Strike 1-1: Ball 2-1: Called Strike 2-2: Ball 3-2: Foul Ball, location: 2F 3-2: Base on Balls
|
Batting: LHB Lauren Hilfiker
|
0-0: Swinging Strike 0-1: Swinging Strike 0-2: Ball 1-2: Ball Roberto Vázquez steals 2nd base 2-2: Strikes out swinging
|
Top of the 6th over - 0 runs, 0 hits, 0 errors, 1 left on base; Cleveland 3 - Buffalo 1 |
BOTTOM OF THE 6TH |
Buffalo White Walkers batting - Pitching for Cleveland Browns : RHP Juan Vias
|
Batting: RHB Tom Smythe
|
0-0: Called Strike 0-1: Ball 1-1: Swinging Strike 1-2: Fly out, F3 (Popup, 3F, EV 66.9 MPH)
|
Batting: LHB Ryder Ringor
|
0-0: Ball 1-0: Foul Ball, location: 2F 1-1: Called Strike 1-2: Ball 2-2: Strikes out looking
|
Batting: SHB Je-myung Yu
|
0-0: Ball 1-0: SOLO HOME RUN (Line Drive, 9LD, EV 103.8 MPH), Distance : 348 ft
|
Batting: RHB Eddie Sachs
|
0-0: Called Strike 0-1: Ball 1-1: DOUBLE (Line Drive, 78XD, EV 98.8 MPH)
|
Batting: SHB Max Bortenschlager
|
0-0: Foul Ball, location: 2F 0-1: Swinging Strike 0-2: Ball 1-2: Foul Ball, location: 2F 1-2: Ball 2-2: Strikes out swinging
|
Bottom of the 6th over - 1 run, 2 hits, 0 errors, 1 left on base; Cleveland 3 - Buffalo 2 |
TOP OF THE 7TH |
Cleveland Browns batting - Pitching for Buffalo White Walkers : RHP Blaine Stottlar
|
Batting: RHB Meester Gobbles-Rooster
|
0-0: Ball 1-0: Ball 2-0: Ball 3-0: Base on Balls
|
Batting: LHB Ruud van Ineveld
|
0-0: Ball 1-0: Ball 2-0: Called Strike 2-1: Ball 3-1: Base on Balls Meester Gobbles-Rooster to second
|
Pitching: RHP Yeon-kyu Kim
|
|
Batting: RHB Tom Camden
|
0-0: Called Strike 0-1: Foul Ball, location: 2F 0-2: Strikes out swinging
|
Batting: LHB Tadayoshi Watanabe
|
0-0: Ball 1-0: Ball 2-0: Called Strike 2-1: Foul Ball, location: 2F 2-2: Fly out, F6 (Popup, 6M, EV 58.8 MPH)
|
Batting: SHB Jhett Larson
|
0-0: Fly out, F1 (Line Drive, P, EV 64.4 MPH)
|
Top of the 7th over - 0 runs, 0 hits, 0 errors, 2 left on base; Cleveland 3 - Buffalo 2 |
BOTTOM OF THE 7TH |
Buffalo White Walkers batting - Pitching for Cleveland Browns : RHP Juan Vias
|
Batting: SHB Tom Dickinson
|
0-0: Called Strike 0-1: Foul Ball, location: 2F 0-2: Ball 1-2: Ball 2-2: SINGLE (Groundball, 34D, EV 98.1 MPH)
|
Pitching: LHP Stephen Palmer
|
|
Pinch Hitting: RHB Roger Caffyn
|
0-0: Ball 1-0: Called Strike 1-1: Ball 2-1: Ball 3-1: Base on Balls Tom Dickinson to second
|
Batting: RHB Armando Altagracia
|
0-0: Foul Ball, location: 2F 0-1: Called Strike 0-2: Ball 1-2: Foul Ball, location: 2F 1-2: Grounds into double play, 6-4-3 (Groundball, 6, EV 91.2 MPH) Tom Dickinson to third
|
Batting: LHB Dread Roberts
|
0-0: SINGLE (Groundball, 56, EV 100.0 MPH) Tom Dickinson scores
|
Batting: RHB Tom Smythe
|
0-0: Ball 1-0: Ball 2-0: Called Strike 2-1: Swinging Strike 2-2: Ball 3-2: Foul Ball, location: 2F 3-2: SINGLE (Groundball, 6MD, EV 98.1 MPH) Dread Roberts to second Dread Roberts to third
|
Batting: LHB Ryder Ringor
|
0-0: Foul Ball, location: 2F 0-1: Foul Ball, location: 2F 0-2: Strikes out swinging
|
Bottom of the 7th over - 1 run, 3 hits, 0 errors, 2 left on base; Cleveland 3 - Buffalo 3 |
TOP OF THE 8TH |
Cleveland Browns batting - Pitching for Buffalo White Walkers : RHP Yeon-kyu Kim
|
Now in RF: Mare Riseley
|
|
Batting: LHB Bob Giles
|
0-0: Called Strike 0-1: Ball 1-1: Ball 2-1: Foul Ball, location: 2F 2-2: Foul Ball, location: 2F 2-2: Strikes out swinging
|
Pitching: RHP Scott Colorado
|
|
Batting: RHB Paco González
|
0-0: Ball 1-0: DOUBLE (Flyball, 8LD, EV 88.8 MPH)
|
Batting: RHB Roberto Vázquez
|
0-0: Ball 1-0: Foul Ball, location: 2F 1-1: Called Strike 1-2: Ball 2-2: Ball 3-2: Strikes out swinging
|
Batting: LHB Lauren Hilfiker
|
0-0: Ball 1-0: Fly out, F7 (Flyball, 7S, EV 84.4 MPH)
|
Top of the 8th over - 0 runs, 1 hit, 0 errors, 1 left on base; Cleveland 3 - Buffalo 3 |
BOTTOM OF THE 8TH |
Buffalo White Walkers batting - Pitching for Cleveland Browns : LHP Stephen Palmer
|
Batting: SHB Je-myung Yu
|
0-0: Ball 1-0: Called Strike 1-1: Ground out 6-3 (Groundball, 6S, EV 76.2 MPH)
|
Batting: RHB Eddie Sachs
|
0-0: Ball 1-0: SINGLE (Flyball, 78M, EV 98.1 MPH)
|
Batting: SHB Max Bortenschlager
|
0-0: Grounds into double play, 4-6-3 (Groundball, 4, EV 84.4 MPH)
|
Bottom of the 8th over - 0 runs, 1 hit, 0 errors, 0 left on base; Cleveland 3 - Buffalo 3 |
TOP OF THE 9TH |
Cleveland Browns batting - Pitching for Buffalo White Walkers : RHP Scott Colorado
|
Batting: RHB Meester Gobbles-Rooster
|
0-0: Swinging Strike 0-1: Swinging Strike 0-2: Strikes out looking
|
Batting: LHB Ruud van Ineveld
|
0-0: Foul Ball, location: 2F 0-1: Foul Ball, location: 2F 0-2: Ball 1-2: Foul Ball, location: 2F 1-2: Ball 2-2: Strikes out swinging
|
Pitching: RHP Woodward Haberdash
|
|
Batting: RHB Tom Camden
|
0-0: Swinging Strike 0-1: Ball 1-1: Foul Ball, location: 2F 1-2: Fly out, F5 (Line Drive, 5, EV 73.1 MPH)
|
Top of the 9th over - 0 runs, 0 hits, 0 errors, 0 left on base; Cleveland 3 - Buffalo 3 |
BOTTOM OF THE 9TH |
Buffalo White Walkers batting - Pitching for Cleveland Browns : LHP Stephen Palmer
|
Batting: SHB Tom Dickinson
|
0-0: Called Strike 0-1: Swinging Strike 0-2: Foul Ball, location: 2F 0-2: Foul Ball, location: 2F 0-2: Strikes out looking
|
Batting: LHB Mare Riseley
|
0-0: Swinging Strike 0-1: TRIPLE (Flyball, 78XD, EV 106.2 MPH)
|
Pitching: LHP Nick Altrock
|
|
Batting: RHB Armando Altagracia
|
0-0: Ball 1-0: Called Strike 1-1: Called Strike 1-2: Ball 2-2: Fly out, F8 (Flyball, 8LS, EV 95.6 MPH)
|
Batting: LHB Dread Roberts
|
0-0: Called Strike 0-1: Fly out, F2 (Popup, 25F, EV 88.8 MPH)
|
Bottom of the 9th over - 0 runs, 1 hit, 0 errors, 1 left on base; Cleveland 3 - Buffalo 3 |
TOP OF THE 10TH |
Cleveland Browns batting - Pitching for Buffalo White Walkers : RHP Woodward Haberdash
|
Batting: LHB Tadayoshi Watanabe
|
0-0: Swinging Strike 0-1: Ball 1-1: Swinging Strike 1-2: Strikes out swinging
|
Batting: SHB Jhett Larson
|
0-0: Swinging Strike 0-1: Foul Ball, location: 2F 0-2: Strikes out swinging
|
Batting: LHB Bob Giles
|
0-0: Called Strike 0-1: Ball 1-1: Foul Ball, location: 2F 1-2: Ball 2-2: Strikes out swinging
|
Top of the 10th over - 0 runs, 0 hits, 0 errors, 0 left on base; Cleveland 3 - Buffalo 3 |
BOTTOM OF THE 10TH |
Buffalo White Walkers batting - Pitching for Cleveland Browns : LHP Nick Altrock
|
Pitching: RHP Dewitt Clendaniel
|
|
Batting: RHB Tom Smythe
|
0-0: Ground out 6-3 (Groundball, 6S, EV 60.6 MPH)
|
Batting: LHB Ryder Ringor
|
0-0: Ball 1-0: Ball 2-0: Called Strike 2-1: Swinging Strike 2-2: Strikes out swinging
|
Batting: SHB Je-myung Yu
|
0-0: Called Strike 0-1: Ball 1-1: Ball 2-1: Called Strike 2-2: Ball 3-2: Fly out, F7 (Flyball, 78D, EV 90.0 MPH)
|
Bottom of the 10th over - 0 runs, 0 hits, 0 errors, 0 left on base; Cleveland 3 - Buffalo 3 |
TOP OF THE 11TH |
Cleveland Browns batting - Pitching for Buffalo White Walkers : RHP Woodward Haberdash
|
Batting: RHB Paco González
|
0-0: Ball 1-0: Called Strike 1-1: Ball 2-1: Ball 3-1: Foul Ball, location: 2F 3-2: Strikes out swinging
|
Batting: RHB Roberto Vázquez
|
0-0: Called Strike 0-1: Foul Ball, location: 2F 0-2: Strikes out swinging
|
Batting: LHB Lauren Hilfiker
|
0-0: Fly out, F6 (Popup, 6, EV 78.8 MPH)
|
Top of the 11th over - 0 runs, 0 hits, 0 errors, 0 left on base; Cleveland 3 - Buffalo 3 |
BOTTOM OF THE 11TH |
Buffalo White Walkers batting - Pitching for Cleveland Browns : RHP Dewitt Clendaniel
|
Batting: RHB Eddie Sachs
|
0-0: Ball 1-0: Foul Ball, location: 2F 1-1: Swinging Strike 1-2: Fly out, F6 (Popup, 6M, EV 71.2 MPH)
|
Batting: SHB Max Bortenschlager
|
0-0: Called Strike 0-1: Ball 1-1: Ground out 5-3 (Groundball, 56, EV 100.0 MPH)
|
Batting: SHB Tom Dickinson
|
0-0: Ball 1-0: Ground out 5-3 (Groundball, 5S, EV 82.5 MPH)
|
Bottom of the 11th over - 0 runs, 0 hits, 0 errors, 0 left on base; Cleveland 3 - Buffalo 3 |
TOP OF THE 12TH |
Cleveland Browns batting - Pitching for Buffalo White Walkers : RHP Woodward Haberdash
|
Batting: RHB Meester Gobbles-Rooster
|
0-0: Ground out 5-3 (Groundball, 56S, EV 88.1 MPH)
|
Batting: LHB Ruud van Ineveld
|
0-0: Ball 1-0: Ball 2-0: Ground out 4-3 (Groundball, 4, EV 81.2 MPH)
|
Batting: RHB Tom Camden
|
0-0: Fly out, F9 (Flyball, 9LM, EV 103.1 MPH)
|
Top of the 12th over - 0 runs, 0 hits, 0 errors, 0 left on base; Cleveland 3 - Buffalo 3 |
BOTTOM OF THE 12TH |
Buffalo White Walkers batting - Pitching for Cleveland Browns : RHP Dewitt Clendaniel
|
Pitching: RHP Damien Morin
|
|
Batting: LHB Mare Riseley
|
0-0: Ground out U3 (Groundball, 3L, EV 103.1 MPH)
|
Batting: RHB Armando Altagracia
|
0-0: Called Strike 0-1: Ball 1-1: SINGLE (Flyball, 8LS, EV 98.8 MPH)
|
Batting: LHB Dread Roberts
|
0-0: Ball 1-0: Ball 2-0: DOUBLE (Line Drive, 9LD, EV 105.0 MPH) Armando Altagracia to third Runner from 3rd tries for Home, SAFE, no throw by RF
|
|
Friday, March 26th, 2021 - OOTP Baseball 20.8 Build 74
|
|